cohdb
Replays
Latest Replays
All Replays
Popular Replays
Top Player Replays
Match Explorer
How It Works
Community
CoH3 Stats
Reddit
Sign in to upload your games and track your stats! →
Sign in with Steam
Match 42827203
Unlisted
Match 42827203
Overview
Messages
Build Orders
End
Kradschützen Motorcycle Team
Panzergrenadier Squad
Selects Panzerjäger Kommand Battlegroup
Selects Panzerjäger Kommand Battlegroup
Panzergrenadier Squad
Construct Light Support Kompanie
Assault Grenadier Squad
Fire Support Elements
Selects Mine Fields
MG34 Team
Flakvierling Half-track
2.5-tonne Medical Truck
Selects Tank Busters
Veteran Squad Leaders
Construct Panzerarmee Kommand
Armored Reserves
Panzerjäger Mechanized Group
Selects Crew Shock Tactics
Selects Defensive Positions
Brother
Kilorss
0
0
Comments
sign in to comment!
No comments posted yet!